 Dungeon Crawl Stone Soup version 0.29-a0-92-gee772dd00f (webtiles) character file.

Game seed: 15681428036899244589

5131 Rennog the Blocker (level 10, -3/82 HPs)
             Began as a Gnoll Fighter on Feb 9, 2022.
             Was an Initiate of Gozag.
             Killed from afar by an acid dragon (11 damage)
             ... with a splash of acid
             ... on level 8 of the Dungeon.
             The game lasted 00:12:45 (10389 turns).

Rennog the Blocker (Gnoll Fighter)                 Turns: 10389, Time: 00:12:46

Health: -3/82      AC: 15    Str: 15    XL:     10   Next: 58%
Magic:  18/18      EV: 25    Int:  8    God:    Gozag
Gold:   888        SH: 11    Dex: 16    Spells: 19/19 levels left

rFire   . . .      SeeInvis .   u - +2 broad axe (freeze)
rCold   . . .      Faith    .   I - +0 kite shield
rNeg    + . .      Spirit   .   b - +0 scale mail
rPois   +          Reflect  .   (no helmet)
rElec   .          Harm     .   B - +2 cloak {rPois}
rCorr   .          Rampage  .   (no gloves)
Will    .....                   j - +2 pair of boots
Stlth   +.........              p - amulet of the acrobat
HPRegen 0.23/turn               t - ring of positive energy
MPRegen 0.16/turn               (no ring)

@: silenced (expiring), gold aura, acrobatic
A: fangs 1, strong nose, distributed training
a: Renounce Religion


You were on level 8 of the Dungeon.
You worshipped Gozag.
Gozag was pleased with you.
You visited 2 branches of the dungeon, and saw 10 of its levels.

You collected 945 gold pieces.
You paid 57 gold pieces to Gozag.

Inventory:

Hand Weapons
 a - a +0 war axe
 u - a +2 broad axe of freezing (weapon)
Armour
 b - a +0 scale mail (worn)
 c - a +0 buckler
 j - a +2 pair of boots (worn)
 B - a +2 cloak of poison resistance (worn)
 I - a +0 kite shield (worn)
Jewellery
 f - an amulet of magic regeneration
 o - a ring of magical power
 p - an amulet of the acrobat (around neck)
 t - a ring of positive energy (left hand)
 G - a ring of fire
Wands
 n - a wand of flame (32)
 y - a wand of iceblast (13)
 C - a wand of digging (5)
Scrolls
 e - 7 scrolls of identify {unknown}
 i - 2 scrolls of teleportation {unknown}
 k - a scroll of immolation {unknown}
 l - a scroll of holy word {unknown}
 q - a scroll of blinking {unknown}
 r - a scroll of silence
 v - a scroll of vulnerability {unknown}
 w - a scroll of enchant armour {unknown}
 D - a scroll of magic mapping {unknown}
 E - a scroll of enchant weapon {unknown}
 F - a scroll of fear {unknown}
Potions
 d - a potion of might
 g - 4 potions of curing
 h - a potion of degeneration {unknown}
 m - a potion of flight {unknown}
 s - 3 potions of heal wounds {unknown}
 x - a potion of mutation {unknown}
 z - a potion of attraction {unknown}
 A - a potion of resistance
 H - a potion of ambrosia {unknown}


   Skills:
 + Level 8.6 Fighting
 + Level 5.4 Short Blades
 + Level 5.4 Long Blades
 + Level 7.2 Axes
 + Level 5.4 Maces & Flails
 + Level 5.4 Polearms
 + Level 5.4 Staves
 + Level 5.4 Slings
 + Level 5.4 Bows
 + Level 5.4 Crossbows
 + Level 5.4 Throwing
 + Level 8.6 Armour
 + Level 5.4 Dodging
 + Level 5.4 Stealth
 + Level 8.6 Shields
 + Level 5.4 Unarmed Combat
 + Level 5.4 Spellcasting
 + Level 4.4 Conjurations
 + Level 4.4 Hexes
 + Level 4.4 Summonings
 + Level 4.4 Necromancy
 + Level 4.4 Translocations
 + Level 4.4 Transmutations
 + Level 4.4 Fire Magic
 + Level 4.4 Ice Magic
 + Level 4.4 Air Magic
 + Level 4.4 Earth Magic
 + Level 4.4 Poison Magic
 + Level 5.9 Invocations
 + Level 5.4 Evocations


You had 19 spell levels left.
You didn't know any spells.
Your spell library contained the following spells:

 Spells                   Type           Power      Damage    Failure   Level
 Beastly Appendage        Tmut           18%        N/A       30%         1
 Wereblood                Tmut           9%         N/A       41%         2
 Spider Form              Tmut/Pois      9%         N/A       65%         3


Dungeon Overview and Level Annotations

Branches:
Dungeon (9/15)             Temple (1/1) D:4
   Lair: D:8-11         Orc: D:9-12

Altars:
Ashenzari
Cheibriados
Dithmenos
Elyvilon
Fedhas
Gozag
Hepliaklqana
Makhleb
Okawaru
Qazlal
Ru
Sif Muna
Trog
Vehumet
Wu Jian
Xom
Yredelemnul
The Shining One

Annotations:
D:7 1 runed translucent door, lordive's ghost, novice TrWr


Innate Abilities, Weirdness & Mutations

You have very sharp teeth.
Your uncanny sense of smell can sniff out nearby items.
Your experience applies equally to all skills.


Message History

The yak is no longer distracted by gold.
You block the acid dragon's attack. The acid dragon claws you.
You climb upwards.
There is a stone staircase leading down here.
You hit the acid dragon. You freeze the acid dragon.
Your bite misses the acid dragon.
The acid dragon is severely wounded.
The acid dragon bites you.
* * * LOW HITPOINT WARNING * * *
The acid dragon claws you but does no damage.
The yak bellows!
You hit the acid dragon but do no damage.
The acid dragon is severely wounded.
The acid dragon spits acid at you. The splash of acid hits you!!
* * * LOW HITPOINT WARNING * * *
The acid corrodes you! The acid dragon barely misses you.
The acid dragon completely misses you.
As you read the scroll labelled YNEAPE TUCLU, it crumbles to dust.
A profound silence engulfs you.
It was a scroll of silence.
The yak is distracted by your dazzling golden aura.
The two-headed ogre barely misses you. The two-headed ogre closely misses you.
The acid dragon closely misses you. You block the acid dragon's attack.
The yak is no longer distracted by gold.
The yak is distracted by your dazzling golden aura.
The two-headed ogre barely misses you. The two-headed ogre closely misses you.
The yak is distracted by your dazzling golden aura.
Found a glowing orb.
You are no longer corroded.
The yak is no longer distracted by gold.
The yak is distracted by your dazzling golden aura.
The yak is no longer distracted by gold.
The yak is distracted by your dazzling golden aura.
The yak is no longer distracted by gold.
The yak is distracted by your dazzling golden aura.
The two-headed ogre is distracted by your dazzling golden aura.
The acid dragon spits acid at you. The splash of acid hits you!
You die...
Your body crumbles into a pile of gold.

......$.....$....>.##.....#
∆
...P......$<...Y..........#
...PP......$$......Y......#
(..P.P............YD......#
.......P.........O.########
.....P.P...........# ∆
P.####..P.P........# .. ∆
#...P.........#
#P.P....@.(...#
...P.........#
..P....[.....# $
.P...........#
.............#
P......#+#...# .P........+
...# ...........#+#...#
.................


You could see a two-headed ogre (unaware), 3 yaks and an acid dragon (catching
breath).

Vanquished Creatures
  Pikel (D:6)
  The ghost of Sweetruy1997 the Ogre Mage, an amateur OgFE (D:5)
  2 hornets
  Grinder (D:3)
  2 yaks (D:8)
  Menkaure (D:6)
  Edmund (D:5)
  2 water moccasins
  An orc warrior (D:6)
  A hornet zombie (D:6)
  2 ice beasts
  2 sky beasts
  A black bear (D:4)
  2 necrophages
  An ogre (D:5)
  2 phantoms
  6 bullfrogs
  A gnoll sergeant (D:7)
  5 scorpions
  A water moccasin zombie (D:7)
  8 wights
  2 centaur zombies (D:7)
  A hound (D:5)
  Crazy Yiuf (D:5)
  2 gnoll shamans
  2 orc priests
  A bullfrog skeleton (D:5)
  Ijyb (D:5)
  Natasha (thrice) (D:2)
  3 iguanas
  5 orc wizards
  Terence (D:2)
  A hound skeleton (D:5)
  Robin (D:3)
  15 gnolls
  2 howler monkey skeletons
  6 adders
  A shadow imp (D:7)
  3 white imps
  An ufetubus (D:4)
  3 worms
  4 dart slugs
  13 orcs
  6 endoplasms
  2 giant cockroaches
  15 goblins
  11 hobgoblins
  6 jackals
  2 quokkas
  2 ball pythons
  5 bats
  8 frilled lizards
  14 kobolds
  3 rats (D:1)
190 creatures vanquished.

Vanquished Creatures (others)
  5 fungi (D:8)
  14 plants
19 creatures vanquished.

Grand Total: 209 creatures vanquished

Notes
Turn   | Place    | Note
-------+----------+-------------------------------------------
     0 | D:1      | Rennog the Gnoll Fighter began the quest for the Orb.
     0 | D:1      | Reached XP level 1. HP: 23/23 MP: 1/1
   184 | D:1      | Reached XP level 2. HP: 29/29 MP: 2/2
   880 | D:1      | Reached XP level 3. HP: 35/35 MP: 3/3
   968 | D:2      | Noticed Terence
   977 | D:2      | Killed Terence
   978 | D:2      | Reached skill level 1 in Short Blades
   978 | D:2      | Reached skill level 1 in Long Blades
   978 | D:2      | Reached skill level 1 in Maces & Flails
   978 | D:2      | Reached skill level 1 in Polearms
   978 | D:2      | Reached skill level 1 in Staves
   978 | D:2      | Reached skill level 1 in Slings
   978 | D:2      | Reached skill level 1 in Bows
   978 | D:2      | Reached skill level 1 in Crossbows
   978 | D:2      | Reached skill level 1 in Throwing
   978 | D:2      | Reached skill level 1 in Dodging
   978 | D:2      | Reached skill level 1 in Stealth
   978 | D:2      | Reached skill level 1 in Unarmed Combat
   978 | D:2      | Reached skill level 1 in Spellcasting
   978 | D:2      | Reached skill level 1 in Invocations
   978 | D:2      | Reached skill level 1 in Evocations
  1136 | D:2      | Reached XP level 4. HP: 21/41 MP: 5/5
  1676 | D:2      | Reached skill level 1 in Conjurations
  1676 | D:2      | Reached skill level 1 in Hexes
  1676 | D:2      | Reached skill level 1 in Summonings
  1676 | D:2      | Reached skill level 1 in Necromancy
  1676 | D:2      | Reached skill level 1 in Translocations
  1676 | D:2      | Reached skill level 1 in Transmutations
  1676 | D:2      | Reached skill level 1 in Fire Magic
  1676 | D:2      | Reached skill level 1 in Ice Magic
  1676 | D:2      | Reached skill level 1 in Air Magic
  1676 | D:2      | Reached skill level 1 in Earth Magic
  1676 | D:2      | Reached skill level 1 in Poison Magic
  1694 | D:2      | Reached XP level 5. HP: 20/47 MP: 5/7
  2245 | D:2      | Noticed Natasha
  2257 | D:2      | Killed Natasha
  2454 | D:2      | Noticed Natasha
  2459 | D:2      | Killed Natasha
  2486 | D:2      | Noticed Natasha
  2495 | D:2      | Killed Natasha
  2496 | D:2      | Reached XP level 6. HP: 36/53 MP: 8/8
  2707 | D:2      | Found a faded altar of an unknown god.
  2797 | D:3      | Noticed Grinder
  2975 | D:3      | Paralysed by Grinder for 7 turns
  3152 | D:3      | Paralysed by Grinder for 7 turns
  3169 | D:3      | Paralysed by Grinder for 4 turns
  3174 | D:3      | Killed Grinder
  3175 | D:3      | Reached skill level 5 in Axes
  3175 | D:3      | Reached XP level 7. HP: 19/59 MP: 8/10
  3880 | D:3      | Noticed Robin
  3903 | D:3      | Killed Robin
  3935 | D:3      | Found an opulent altar of Gozag.
  4255 | D:3      | Became a worshipper of Gozag Ym Sagoz the Greedy
  4295 | D:4      | Found a basalt altar of Yredelemnul.
  4383 | D:4      | Found a staircase to the Ecumenical Temple.
  4497 | Temple   | Entered the Ecumenical Temple
  4898 | D:4      | Found an iron altar of Okawaru.
  5320 | D:4      | Reached XP level 8. HP: 45/67 MP: 12/12
  5755 | D:5      | Entered Level 5 of the Dungeon
  6091 | D:5      | Found a runed translucent door.
  6109 | D:5      | Noticed Ijyb
  6117 | D:5      | Killed Ijyb
  6901 | D:5      | Found a runed translucent door.
  6902 | D:5      | Noticed Crazy Yiuf
  6962 | D:5      | Noticed Sweetruy1997's ghost (amateur OgFE)
  7092 | D:6      | Reached XP level 9. HP: 72/72 MP: 14/14
  7093 | D:6      | Noticed Pikel
  7153 | D:6      | Killed Pikel
  7579 | D:6      | Noticed Edmund
  7589 | D:5      | Killed Edmund
  7706 | D:5      | Killed Sweetruy1997's ghost
  7796 | D:5      | Killed Crazy Yiuf
  7797 | D:5      | Reached skill level 5 in Invocations
  7931 | D:6      | Noticed Menkaure
  7944 | D:6      | Killed Menkaure
  8162 | D:6      | Reached XP level 10. HP: 80/80 MP: 17/17
  8996 | D:6      | Reached skill level 5 in Short Blades
  8996 | D:6      | Reached skill level 5 in Long Blades
  8996 | D:6      | Reached skill level 5 in Maces & Flails
  8996 | D:6      | Reached skill level 5 in Polearms
  8996 | D:6      | Reached skill level 5 in Staves
  8996 | D:6      | Reached skill level 5 in Slings
  8996 | D:6      | Reached skill level 5 in Bows
  8996 | D:6      | Reached skill level 5 in Crossbows
  8996 | D:6      | Reached skill level 5 in Throwing
  8996 | D:6      | Reached skill level 5 in Dodging
  8996 | D:6      | Reached skill level 5 in Stealth
  8996 | D:6      | Reached skill level 5 in Unarmed Combat
  8996 | D:6      | Reached skill level 5 in Spellcasting
  8996 | D:6      | Reached skill level 5 in Evocations
  9544 | D:7      | Found a shadowy altar of Dithmenos.
  9736 | D:7      | Found a white marble altar of Elyvilon.
  9828 | D:7      | Found a shimmering altar of Xom.
  9986 | D:7      | Found a runed translucent door.
 10076 | D:7      | Noticed lordive's ghost (novice TrWr)
 10110 | D:8      | Noticed a two-headed ogre
 10372 | D:8      | HP: 4/82 [acid dragon/splash of acid (19)]
 10389 | D:8      | Killed from afar by an acid dragon

Illustrated notes

Levels and vault maps discovered:
D:1:      amcnicky_arrival_gap_in_the_tavern_cellar, layout_loops_corners
D:2:      cheibrodos_pilgrimage, layout_basic,
          shapermc_ecumenical_altar_acropolis, uniq_natasha, uniq_terence
D:3:      layout_basic, mainiacjoe_overflow_24_doors, uniq_robin, uniq_grinder
D:4:      layout_basic, lemuel_round_altar, kennysheep_okawaru_gauntlet,
          minmay_temple_entry_waves
D:5:      layout_basic, ebering_ghost_reflecting_pool, minmay_chambers_of_fives,
          uniq_ijyb, uniq_crazy_yiuf_cottage
D:6:      layout_basic, chequers_serial_rivers_room_b, uniq_edmund, uniq_pikel,
          uniq_menkaure
D:7:      layout_basic, nicolae_dithmenos_shadow_blocks,
          mainiacjoe_overflow_tiny_flanked, mainiacjoe_overflow_catwalk,
          gammafunk_ghost_grave
D:8:      cheibrodos_wizards_tower, layout_basic, kennysheep_mini_moat,
          nicolae_overflow_hidden_temple, grunt_lair_entry_orc_guard_hut,
          hangedman_abyss_or_decor_lesser_grid
D:9:      layout_basic, mainiacjoe_overflow_cross_hatched
Temple:   minmay_temple_forest_path

Skill      XL: |  1  2  3  4  5  6  7  8  9 10 |
---------------+-------------------------------+-----
Short Blades   | 1 2 3 4 5 |  5.4
Long Blades    | 1 2 3 4 5 |  5.4
Maces & Flails | 1 2 3 4 5 |  5.4
Polearms       | 1 2 3 4 5 |  5.4
Staves         | 1 2 3 4 5 |  5.4
Slings         | 1 2 3 4 5 |  5.4
Bows           | 1 2 3 4 5 |  5.4
Crossbows      | 1 2 3 4 5 |  5.4
Throwing       | 1 2 3 4 5 |  5.4
Dodging        | 1 2 3 4 5 |  5.4
Stealth        | 1 2 3 4 5 |  5.4
Unarmed Combat | 1 2 3 4 5 |  5.4
Spellcasting   | 1 2 3 4 5 |  5.4
Invocations    | 1 2 3 4 5 |  5.9
Evocations     | 1 2 3 4 5 |  5.4
Conjurations   | 1 2 3 4 |  4.4
Hexes          | 1 2 3 4 |  4.4
Summonings     | 1 2 3 4 |  4.4
Necromancy     | 1 2 3 4 |  4.4
Translocations | 1 2 3 4 |  4.4
Transmutations | 1 2 3 4 |  4.4
Fire Magic     | 1 2 3 4 |  4.4
Ice Magic      | 1 2 3 4 |  4.4
Air Magic      | 1 2 3 4 |  4.4
Earth Magic    | 1 2 3 4 |  4.4
Poison Magic   | 1 2 3 4 |  4.4
Axes           | 5 6 7 |  7.2
Fighting       | 7 8 |  8.6
Armour         | 7 8 |  8.6
Shields        | 7 8 |  8.6

Action                   |  1- 3 |  4- 6 |  7- 9 | 10-12 || total
-------------------------+-------+-------+-------+-------++-------
Melee: War axe           |    98 |   119 |   180 |       ||   397
       Bite              |     6 |     8 |    39 |    15 ||    68
       Punch             |       |       |     3 |       ||     3
       Broad axe         |       |       |   178 |   140 ||   318
  Use: Scroll            |       |       |       |     1 ||     1
 Stab: Distracted        |       |       |     2 |     1 ||     3
       Sleeping          |       |       |       |     3 ||     3
Armor: Scale mail        |    52 |    57 |   173 |    60 ||   342
Dodge: Dodged            |    48 |    54 |   211 |    78 ||   391
Block: Buckler           |    27 |    33 |    52 |    33 ||   145
       Kite shield       |       |       |       |    32 ||    32

Table legend: (Time is in decaauts)
 A = Elapsed time spent in this place.
 B = Non-inter-level travel time spent in this place.
 C = Inter-level travel time spent in this place.
 D = Time resting spent in this place.
 E = Time spent auto-exploring this place.
 F = Levels seen in this place.
 G = Mean time per level.
                   A        B        C        D        E       F      G
               +--------+--------+--------+--------+--------+-----+--------+
         Total |  10620 |  10125 |    495 |    822 |   7331 |  10 | 1062.0 |
       Dungeon |  10286 |   9795 |    491 |    822 |   7014 |   9 | 1142.9 |
        Temple |    333 |    329 |      4 |      0 |    317 |   1 |  333.0 |
               +--------+--------+--------+--------+--------+-----+--------+

Top non-repeatable levels by time:
     D:2: 2064 daAuts
     D:5: 1700 daAuts
     D:6: 1575 daAuts
     D:4: 1276 daAuts
     D:7: 1263 daAuts
     D:1: 1160 daAuts
     D:3: 1149 daAuts
  Temple: 333 daAuts
     D:8: 83 daAuts
     D:9: 12 daAuts
